 Dungeon Crawl Stone Soup version 0.22-a0-392-g5dc3fd9af9 (webtiles) character file.

170 Banto the Sneak (level 5, -4/31 HPs)
             Began as an Octopode Ice Elementalist on May 2, 2018.
             Slain by a bullfrog (7 damage)
             ... in a sewer.
             The game lasted 00:05:47 (2363 turns).

Banto the Sneak (Octopode Ice Elementalist)         Turns: 2363, Time: 00:05:48

Health: -4/31      AC:  1    Str:  7    XL:     5   Next: 50%
Magic:  5/8        EV: 10    Int: 19    God:
Gold:   129        SH:  0    Dex: 12    Spells: 7/8 levels left

rFire    . . .     SeeInvis .   d - -3 short sword (curse)
rCold    . . .     Gourm    .   (no shield)
rNeg     . . .     Faith    .   (helmet restricted)
rPois    .         Spirit   .   (no amulet)
rElec    .         Reflect  .   i - -3 ring of evasion (curse)
rCorr    .         Harm     .   (no ring)
MR       .....                  (no ring)
Stlth    +++++.....             (no ring)
HPRegen  0.10/turn              (no ring)
MPRegen  0.11/turn              (no ring)
                                (no ring)
                                (no ring)

@: no status effects
A: almost no armour, stealthy swim, amphibious, 8 rings, constrict 8, camouflage
1, gelatinous body 1
a: no special abilities


You were in a sewer.
You were not hungry.

You visited 1 branch of the dungeon, and saw 3 of its levels.
You also visited: Sewer.

You collected 129 gold pieces.

Inventory:

Hand Weapons
 d - a cursed -3 short sword (weapon)
Jewellery
 i - a cursed -3 ring of evasion (left tentacle)
Scrolls
 c - 6 scrolls of identify {unknown}
 e - 2 scrolls of blinking {unknown}
 g - a scroll of random uselessness {unknown}
 j - a scroll of teleportation {unknown}
 k - a scroll of immolation {unknown}
 m - a scroll of magic mapping {unknown}
 n - a scroll of remove curse {unknown}
Potions
 a - 2 potions of resistance {unknown}
 f - a potion of agility {unknown}
 h - 2 potions of lignification {unknown}
 l - a potion of curing {unknown}
 o - a potion of brilliance {unknown}
 q - a potion of might {unknown}
Comestibles
 b - 4 rations
 p - 4 chunks of flesh


   Skills:
 - Level 2.0 Dodging
 + Level 5.9 Stealth
 - Level 2.0 Spellcasting
   Level 1.0 Conjurations
 + Level 4.7 Ice Magic


You had 7 spell levels left.
You knew the following spells:

 Your Spells              Type           Power        Failure   Level  Hunger
a - Freeze                Ice            ###.         2%          1    #......


Dungeon Overview and Level Annotations

Branches:
Dungeon (3/15)

Altars:


Innate Abilities, Weirdness & Mutations

You cannot wear most types of armour.
You are very stealthy in the water. (Stealth+)
You are amphibious.
You can wear up to eight rings at the same time.
You can use your tentacles to constrict eight enemies at once.
Your skin changes colour to match your surroundings (Stealth+).
Your rubbery body absorbs attacks. (AC +1, EV +1)


Message History

Press: ? - help, Shift-Dir - straight line, f/p - bullfrog
Aim: a bullfrog (water, heavily wounded)
You freeze the bullfrog.
The bullfrog is severely wounded.
The bullfrog hits you. The bullfrog hits you!
* * * LOW HITPOINT WARNING * * *
The bullfrog hits you.
* * * LOW HITPOINT WARNING * * *
The bullfrog hits you.
* * * LOW HITPOINT WARNING * * *
You take 13 damage, and have 3/31 hp.
MASSIVE DAMAGE!!
You now have 6/8 mp.
Casting: Freeze (safe; 2% risk of failure)
Confirm with . or Enter, or press ? or * to list all spells.
Aiming: Freeze (safe; 2% risk of failure)
Press: ? - help, Shift-Dir - straight line, f/p - bullfrog
Aim: a bullfrog (water, severely wounded)
You freeze the bullfrog.
The bullfrog seems to slow down.
The bullfrog is almost dead.
The bullfrog hits you!
You die...

### ###≈≈≈≈ ##≈≈≈≈≈≈≈≈
##≈≈≈≈≈≈≈≈≈≈≈≈
##FF≈≈≈≈≈≈≈≈≈.∩≈
#≈@≈≈≈≈≈..≈≈≈..≈
#≈≈≈≈≈≈≈.?.≈.≈≈≈
#≈≈≈≈≈≈.)(%≈..≈≈
#≈≈≈≈≈≈≈≈"≈≈..≈≈ #.≈≈≈.#
#≈≈≈≈≈≈≈≈.≈..≈≈≈ #.≈≈≈.#
##≈≈≈≈≈≈≈≈≈≈≈≈≈≈ #.≈≈≈≈#
#≈≈≈≈≈≈≈≈≈≈≈≈≈≈
#≈≈≈≈≈#######≈≈≈≈≈≈≈≈≈≈≈≈
#≈≈≈≈.≈≈.........≈≈≈≈≈≈≈≈


You could see 2 bullfrogs.

Vanquished Creatures
  An orc priest (D:3)
  5 adders
  A worm (D:2)
  2 dart slugs
  8 leopard geckos
  8 orcs
  4 ball pythons
  6 giant cockroaches
  8 goblins
  6 hobgoblins
  7 kobolds
  A quokka (D:2)
  6 bats
  5 frilled lizards
  4 rats
72 creatures vanquished.

Notes
Turn   | Place    | Note
-------+----------+-------------------------------------------
     0 | D:1      | Banto the Octopode Ice Elementalist began the quest for the Orb.
     0 | D:1      | Reached XP level 1. HP: 11/11 MP: 3/3
    80 | D:1      | Reached skill level 3 in Stealth
   104 | D:1      | Reached XP level 2. HP: 11/17 MP: 0/5
   631 | D:2      | Reached XP level 3. HP: 20/21 MP: 6/6
   647 | D:2      | Reached skill level 4 in Stealth
  1402 | D:3      | Reached XP level 4. HP: 22/27 MP: 5/7
  1511 | D:3      | Noticed an ogre
  1726 | D:3      | Reached skill level 5 in Stealth
  1883 | D:3      | Reached XP level 5. HP: 16/31 MP: 8/8
  1925 | D:3      | Found a glowing drain.
  1929 | Sewer    | Entered a sewer
  2363 | Sewer    | Slain by a bullfrog

Vault maps used:
D:1:      minmay_arrival_stair_chambers
D:2:      first_ration, minmay_statues_item
D:3:      gup_sewer_entry_spiral
Sewer:    sewer_frog_island_01

Skill      XL: |  1  2  3  4 |
---------------+-------------+-----
Stealth        | 3 4 5 |  5.9
Ice Magic      | 4 |  4.7
Dodging        | |  2.0
Spellcasting   | |  2.0
Conjurations   | |  1.0

Action                   |  1- 3 |  4- 6 || total
-------------------------+-------+-------++-------
Melee: Short sword       |    51 |    23 ||    74
       Constrict         |    16 |     9 ||    25
       Unarmed           |     2 |       ||     2
       Tentacles         |    12 |     4 ||    16
 Cast: Freeze            |    31 |    35 ||    66
 Stab: Sleeping          |    17 |     8 ||    25
  Eat: Chunk             |     2 |     3 ||     5
Armor: Skin              |     2 |     4 ||     6
Dodge: Dodged            |    34 |    33 ||    67

Table legend:
 A = Spawn XP
 B = Non-spawn XP
 C = Spawn XP percentage of total XP
 D = Spawn monster count
 E = Non-spawn monster count
 F = Spawn count percentage of total count
 G = Total turns spent on level
                    A         B        C        D         E        F      G
               +---------+---------+-------+---------+---------+-------+---------
         Total |       0 |     243 |   0.0 |       0 |      72 |   0.0 |  2363
               +---------+---------+-------+---------+---------+-------+---------
           D:1 |       0 |      32 |   0.0 |       0 |      18 |   0.0 |   617
           D:2 |       0 |      32 |   0.0 |       0 |      17 |   0.0 |   828
           D:3 |       0 |     133 |   0.0 |       0 |      27 |   0.0 |   484
         Sewer |       0 |      46 |   0.0 |       0 |      10 |   0.0 |   434
               +---------+---------+-------+---------+---------+-------+---------

Table legend:
 A = Turns spent in this place as a percentage of turns spent in the entire game.
 B = Non-inter-level travel turns spent in this place as a percentage of non-inter-level travel turns spent in the entire game.
 C = Inter-level travel turns spent in this place as a percentage of turns spent in this place.
 D = Turns resting spent in this place as a percentage of non-inter-level travel turns spent in this place.
 E = Turns spent auto-exploring this place as a percentage of non-inter-level travel turns spent in this place.
 F = Non-inter-level travel turns spent in this place divided by the number of levels of this place that you've seen.
                   A       B       C       D       E      F
               +-------+-------+-------+-------+-------+----------------------
         Total | 100.0 | 100.0 |   2.6 |  37.0 |  33.6 | 575.5
       Dungeon |  81.6 |  81.1 |   3.2 |  28.2 |  40.6 | 622.7
         Sewer |  18.4 |  18.9 |   0.0 |  74.9 |   3.5 | 434.0
               +-------+-------+-------+-------+-------+----------------------

Table legend:
 A = Kills in this place as a percentage of kills in entire the game.
 B = Kills by you in this place as a percentage of kills by you in the entire game.
 C = Kills by friends in this place as a percentage of kills by friends in the entire game.
 D = Other kills in this place as a percentage of other kills in the entire game.
 E = Experience gained in this place as a percentage of experience gained in the entire game.
 F = Experience gained in this place divided by the number of levels of this place that you have seen.
                   A       B       C       D       E      F
               +-------+-------+-------+-------+-------+----------------------
         Total | 100.0 | 100.0 |   N/A |   N/A | 100.0 |  60.8
       Dungeon |  86.1 |  86.1 |   N/A |   N/A |  81.1 |  65.7
         Sewer |  13.9 |  13.9 |   N/A |   N/A |  18.9 |  46.0
               +-------+-------+-------+-------+-------+----------------------
